TOP OF THE 1ST |
Springfield Shooters batting - Pitching for Mercer Island Screaming Eagles : RHP Adrian David
|
Pitching: RHP Adrian David
|
|
Batting: RHB Tom Potts
|
0-0: Bunt - Flyout! F2
|
Batting: SHB Adrián Pueblo
|
0-0: Ball 1-0: Called Strike 1-1: Ball 2-1: Swinging Strike 2-2: Strikes out looking
|
Batting: SHB Jared Jefferson
|
0-0: SINGLE (Groundball, 34)
|
Batting: RHB Randy Galloway
|
0-0: Called Strike 0-1: Ball 1-1: Called Strike 1-2: Foul Ball, location: 2F 1-2: Ball Jared Jefferson is caught stealing 2nd base
|
Top of the 1st over - 0 run(s), 1 hit(s), 0 error(s), 0 left on base; Springfield 0 - Mercer Island 0 |
BOTTOM OF THE 1ST |
Mercer Island Screaming Eagles batting - Pitching for Springfield Shooters : LHP Jim Unknown
|
Pitching: LHP Jim Unknown
|
|
Batting: LHB Mike Russell
|
0-0: Ball 1-0: Ball 2-0: Foul Ball, location: 2F 2-1: Foul Ball, location: 2F 2-2: Ball 3-2: Ground out 6-3 (Groundball, 6M)
|
Batting: RHB Luis Jiménez
|
0-0: Ball 1-0: Swinging Strike 1-1: Ball 2-1: Ball 3-1: Swinging Strike 3-2: Strikes out looking
|
Batting: RHB Luis Antonio Hernández
|
0-0: Ball 1-0: Called Strike 1-1: Foul Ball, location: 2F 1-2: Foul Ball, location: 2F 1-2: Foul Ball, location: 2F 1-2: Ball 2-2: Ball 3-2: Base on Balls
|
Batting: LHB Nelson Plasenia
|
0-0: Called Strike 0-1: Called Strike 0-2: Strikes out looking
|
Bottom of the 1st over - 0 run(s), 0 hit(s), 0 error(s), 1 left on base; Springfield 0 - Mercer Island 0 |
TOP OF THE 2ND |
Springfield Shooters batting - Pitching for Mercer Island Screaming Eagles : RHP Adrian David
|
Batting: RHB Randy Galloway
|
0-0: Ball 1-0: Swinging Strike 1-1: Foul Ball, location: 2F 1-2: Strikes out looking
|
Batting: SHB Jim Unknown
|
0-0: Called Strike 0-1: Fly out, F9 (Flyball, 9M)
|
Batting: RHB Jim Unknown
|
0-0: Ball 1-0: Ball 2-0: Ball 3-0: Called Strike 3-1: Called Strike 3-2: Foul Ball, location: 2F 3-2: SOLO HOME RUN (Flyball, 7D), Distance : 393 ft
|
Batting: LHB Jim Unknown
|
0-0: Foul Ball, location: 2F 0-1: Fly out, F7 (Flyball, 7M)
|
Top of the 2nd over - 1 run(s), 1 hit(s), 0 error(s), 0 left on base; Springfield 1 - Mercer Island 0 |
BOTTOM OF THE 2ND |
Mercer Island Screaming Eagles batting - Pitching for Springfield Shooters : LHP Jim Unknown
|
Batting: SHB Ray Davis
|
0-0: Ball 1-0: Called Strike 1-1: Called Strike 1-2: Strikes out swinging
|
Batting: LHB John Boone
|
0-0: Ball 1-0: Called Strike 1-1: Ball 2-1: Called Strike 2-2: Ball 3-2: Ground out 1-3 (Groundball, 23)
|
Batting: LHB Gustavo Cortéz
|
0-0: Ball 1-0: Swinging Strike 1-1: Ball 2-1: Foul Ball, location: 2F 2-2: Strikes out swinging
|
Bottom of the 2nd over - 0 run(s), 0 hit(s), 0 error(s), 0 left on base; Springfield 1 - Mercer Island 0 |
TOP OF THE 3RD |
Springfield Shooters batting - Pitching for Mercer Island Screaming Eagles : RHP Adrian David
|
Batting: LHB Jim Unknown
|
0-0: Ball 1-0: Foul Ball, location: 2F 1-1: Ball 2-1: Ball 3-1: Foul Ball, location: 2F 3-2: Base on Balls
|
Batting: RHB Jim Unknown
|
0-0: Ball 1-0: Ball 2-0: Ball 3-0: Called Strike 3-1: Fielders Choice at 2nd, 6-4 (Groundball, 56)
|
Batting: RHB Tom Potts
|
0-0: Ball 1-0: Foul Ball, location: 2F 1-1: Ball 2-1: Ball 3-1: Called Strike 3-2: Base on Balls Jim Unknown to second
|
Batting: SHB Adrián Pueblo
|
0-0: Ball 1-0: Ball 2-0: Called Strike 2-1: Ball 3-1: Foul Ball, location: 2F 3-2: Grounds into double play, 5-4-3 (Groundball, 5)
|
Top of the 3rd over - 0 run(s), 0 hit(s), 0 error(s), 1 left on base; Springfield 1 - Mercer Island 0 |
BOTTOM OF THE 3RD |
Mercer Island Screaming Eagles batting - Pitching for Springfield Shooters : LHP Jim Unknown
|
Batting: RHB Luis Rodríguez
|
0-0: Swinging Strike 0-1: Called Strike 0-2: Ball 1-2: Strikes out swinging
|
Batting: SHB Mauro López
|
0-0: Ball 1-0: Called Strike 1-1: Foul Ball, location: 2F 1-2: Foul Ball, location: 2F 1-2: Foul Ball, location: 2F 1-2: Ball 2-2: Foul Ball, location: 2F 2-2: Ball 3-2: Foul Ball, location: 2F 3-2: Strikes out looking
|
Batting: LHB Mike Russell
|
0-0: Called Strike 0-1: Ground out 6-3 (Groundball, 6)
|
Bottom of the 3rd over - 0 run(s), 0 hit(s), 0 error(s), 0 left on base; Springfield 1 - Mercer Island 0 |
TOP OF THE 4TH |
Springfield Shooters batting - Pitching for Mercer Island Screaming Eagles : RHP Adrian David
|
Batting: SHB Jared Jefferson
|
0-0: Ball 1-0: Called Strike 1-1: Swinging Strike 1-2: Ground out 1-3 (Groundball, 15)
|
Batting: RHB Randy Galloway
|
0-0: SINGLE (Groundball, 4MD)
|
Batting: SHB Jim Unknown
|
0-0: Ball 1-0: Ball 2-0: Called Strike 2-1: Ball 3-1: Base on Balls Randy Galloway to second
|
Batting: RHB Jim Unknown
|
0-0: Called Strike 0-1: Ball 1-1: Ground out 5-3 (Groundball, 56S) Randy Galloway to third Jim Unknown to second
|
Batting: LHB Jim Unknown
|
0-0: Fly out, F8 (Flyball, 8RXD)
|
Top of the 4th over - 0 run(s), 1 hit(s), 0 error(s), 2 left on base; Springfield 1 - Mercer Island 0 |
BOTTOM OF THE 4TH |
Mercer Island Screaming Eagles batting - Pitching for Springfield Shooters : LHP Jim Unknown
|
Batting: RHB Luis Jiménez
|
0-0: Called Strike 0-1: Ball 1-1: Ball 2-1: Fly out, F8 (Flyball, 8RM)
|
Batting: RHB Luis Antonio Hernández
|
0-0: Called Strike 0-1: Ball 1-1: Called Strike 1-2: Ground out 5-3 (Groundball, 5S)
|
Batting: LHB Nelson Plasenia
|
0-0: Called Strike 0-1: Swinging Strike 0-2: Strikes out swinging
|
Bottom of the 4th over - 0 run(s), 0 hit(s), 0 error(s), 0 left on base; Springfield 1 - Mercer Island 0 |
TOP OF THE 5TH |
Springfield Shooters batting - Pitching for Mercer Island Screaming Eagles : RHP Adrian David
|
Batting: LHB Jim Unknown
|
0-0: Ball 1-0: Ball 2-0: Ball 3-0: Foul Ball, location: 2F 3-1: Base on Balls
|
Batting: RHB Jim Unknown
|
0-0: Ball 1-0: Sac Bunt - play at first, batter OUT! 1-3 Jim Unknown to second
|
Batting: RHB Tom Potts
|
0-0: Ball 1-0: Ball 2-0: SINGLE (Line Drive, 6D) Jim Unknown to third Runner from 3rd tries for Home, SAFE, throw made home Tom Potts to second
|
Batting: SHB Adrián Pueblo
|
0-0: Ball 1-0: Called Strike 1-1: Ball 2-1: Ground out 1-3 (Groundball, 13) Tom Potts to third
|
Batting: SHB Jared Jefferson
|
0-0: Foul Ball, location: 2F 0-1: Ball 1-1: Foul Ball, location: 2F 1-2: Foul Ball, location: 2F 1-2: Ball 2-2: Strikes out looking
|
Top of the 5th over - 1 run(s), 1 hit(s), 0 error(s), 1 left on base; Springfield 2 - Mercer Island 0 |
BOTTOM OF THE 5TH |
Mercer Island Screaming Eagles batting - Pitching for Springfield Shooters : LHP Jim Unknown
|
Batting: SHB Ray Davis
|
0-0: Ball 1-0: Called Strike 1-1: Reached on error, E5 (Groundball, 5)
|
Batting: LHB John Boone
|
0-0: Ball 1-0: Ball 2-0: Foul Ball, location: 2F 2-1: Called Strike 2-2: Foul Ball, location: 2F 2-2: Foul Ball, location: 2F 2-2: Ball 3-2: Ground out 1-3 (Groundball, 13S) Ray Davis to third
|
Batting: LHB Gustavo Cortéz
|
0-0: Ball 1-0: Ball 2-0: Called Strike 2-1: Ball 3-1: Swinging Strike 3-2: Base on Balls
|
Batting: RHB Luis Rodríguez
|
0-0: Ball 1-0: Swinging Strike 1-1: Foul Ball, location: 2F 1-2: Strikes out swinging
|
Batting: SHB Mauro López
|
0-0: Ball 1-0: Foul Ball, location: 2F 1-1: Called Strike 1-2: Ball 2-2: Ball 3-2: 3-RUN HOME RUN (Line Drive, 78XD), Distance : 430 ft
|
Batting: LHB Mike Russell
|
0-0: Called Strike 0-1: Ball 1-1: Swinging Strike 1-2: SINGLE (Line Drive, 4MD)
|
Batting: RHB Luis Jiménez
|
0-0: Ball 1-0: Ball 2-0: Foul Ball, location: 2F 2-1: Foul Ball, location: 2F 2-2: Strikes out swinging
|
Bottom of the 5th over - 3 run(s), 2 hit(s), 1 error(s), 1 left on base; Springfield 2 - Mercer Island 3 |
TOP OF THE 6TH |
Springfield Shooters batting - Pitching for Mercer Island Screaming Eagles : RHP Adrian David
|
Batting: RHB Randy Galloway
|
0-0: Called Strike 0-1: Called Strike 0-2: Ball 1-2: Ball 2-2: Strikes out swinging
|
Batting: SHB Jim Unknown
|
0-0: Called Strike 0-1: Ball 1-1: Called Strike 1-2: Fly out, F5 (Popup, 5SF)
|
Batting: RHB Jim Unknown
|
0-0: Ball 1-0: Foul Ball, location: 2F 1-1: Ball 2-1: Ball 3-1: Called Strike 3-2: Ground out 4-3 (Groundball, 4M)
|
Top of the 6th over - 0 run(s), 0 hit(s), 0 error(s), 0 left on base; Springfield 2 - Mercer Island 3 |
BOTTOM OF THE 6TH |
Mercer Island Screaming Eagles batting - Pitching for Springfield Shooters : LHP Jim Unknown
|
Batting: RHB Luis Antonio Hernández
|
0-0: Swinging Strike 0-1: Ball 1-1: Fly out, F5 (Popup, 5S)
|
Batting: LHB Nelson Plasenia
|
0-0: Ball 1-0: Called Strike 1-1: SINGLE (Groundball, 4MD)
|
Batting: SHB Ray Davis
|
0-0: Ball 1-0: Grounds into double play, 6-4-3 (Groundball, 6)
|
Bottom of the 6th over - 0 run(s), 1 hit(s), 0 error(s), 0 left on base; Springfield 2 - Mercer Island 3 |
TOP OF THE 7TH |
Springfield Shooters batting - Pitching for Mercer Island Screaming Eagles : RHP Adrian David
|
Batting: LHB Jim Unknown
|
0-0: Called Strike 0-1: Ball 1-1: Ball 2-1: Ball 3-1: Base on Balls
|
Batting: LHB Jim Unknown
|
0-0: Ball 1-0: Swinging Strike 1-1: Bunt missed! 1-2: Strikes out swinging
|
Batting: RHB Jim Unknown
|
0-0: Called Strike 0-1: Fly out, F7 (Flyball, 78M)
|
Batting: RHB Tom Potts
|
0-0: Called Strike 0-1: Ball 1-1: Ball 2-1: Foul Ball, location: 2F 2-2: Ball 3-2: Foul Ball, location: 2F 3-2: SINGLE (Line Drive, 6MD) Jim Unknown to second Jim Unknown to third
|
Pitching: RHP Fernando Reyna
|
|
Batting: SHB Adrián Pueblo
|
0-0: Ball Tom Potts steals 2nd base 1-0: Fly out, F7 (Flyball, 78S)
|
Top of the 7th over - 0 run(s), 1 hit(s), 0 error(s), 2 left on base; Springfield 2 - Mercer Island 3 |
BOTTOM OF THE 7TH |
Mercer Island Screaming Eagles batting - Pitching for Springfield Shooters : LHP Jim Unknown
|
Batting: LHB John Boone
|
0-0: Called Strike 0-1: Foul Ball, location: 2F 0-2: Foul Ball, location: 2F 0-2: Ball 1-2: Ball 2-2: Ball 3-2: Ground out 6-3 (Groundball, 6)
|
Batting: LHB Gustavo Cortéz
|
0-0: Ball 1-0: Ball 2-0: Fly out, F6 (Line Drive, 6)
|
Batting: RHB Luis Rodríguez
|
0-0: Ball 1-0: Ball 2-0: Foul Ball, location: 2F 2-1: Ball 3-1: Foul Ball, location: 2F 3-2: Base on Balls
|
Batting: SHB Mauro López
|
0-0: Ball 1-0: SINGLE (Line Drive, 78S) Luis Rodríguez to second
|
Pinch Hitting: RHB P.J. O'Keefe
|
0-0: Called Strike 0-1: Swinging Strike 0-2: Strikes out looking
|
Bottom of the 7th over - 0 run(s), 1 hit(s), 0 error(s), 2 left on base; Springfield 2 - Mercer Island 3 |
TOP OF THE 8TH |
Springfield Shooters batting - Pitching for Mercer Island Screaming Eagles : RHP Fernando Reyna
|
Pitching: LHP Ron Barry
|
|
Now at 2B: P.J. O'Keefe
|
|
Batting: SHB Jared Jefferson
|
0-0: Ground out 6-3 (Groundball, 6S)
|
Pitching: RHP Jim Unknown
|
|
Batting: RHB Randy Galloway
|
0-0: Ball 1-0: Ball 2-0: Foul Ball, location: 2F 2-1: Called Strike 2-2: Strikes out swinging
|
Batting: SHB Jim Unknown
|
0-0: Called Strike 0-1: Foul Ball, location: 2F 0-2: Ground out 4-3 (Groundball, 4)
|
Top of the 8th over - 0 run(s), 0 hit(s), 0 error(s), 0 left on base; Springfield 2 - Mercer Island 3 |
BOTTOM OF THE 8TH |
Mercer Island Screaming Eagles batting - Pitching for Springfield Shooters : LHP Jim Unknown
|
Batting: RHB Luis Jiménez
|
0-0: Called Strike 0-1: Called Strike 0-2: Ball 1-2: TRIPLE (Line Drive, 8RM)
|
Batting: RHB Luis Antonio Hernández
|
0-0: Intentional Walk
|
Pitching: RHP Jim Unknown
|
|
Batting: LHB Nelson Plasenia
|
0-0: SINGLE (Groundball, 34) Luis Jiménez scores Luis Antonio Hernández to second Runner from 2nd tries for 3rd, SAFE, throw made to third
|
Pinch Hitting: LHB Luis Costello
|
0-0: Called Strike 0-1: Foul Ball, location: 2F 0-2: Ball 1-2: Foul Ball, location: 2F 1-2: Ball 2-2: Ball 3-2: Strikes out swinging
|
Batting: LHB John Boone
|
0-0: Ball 1-0: Foul Ball, location: 2F 1-1: 3-RUN HOME RUN (Flyball, 9D), Distance : 394 ft
|
Batting: LHB Gustavo Cortéz
|
0-0: Ground out 1-3 (Groundball, 25)
|
Batting: RHB Luis Rodríguez
|
0-0: Called Strike 0-1: Called Strike 0-2: Ball 1-2: Foul Ball, location: 2F 1-2: Ball 2-2: Ground out 4-3 (Groundball, 4M)
|
Bottom of the 8th over - 4 run(s), 3 hit(s), 0 error(s), 0 left on base; Springfield 2 - Mercer Island 7 |
TOP OF THE 9TH |
Springfield Shooters batting - Pitching for Mercer Island Screaming Eagles : RHP Jim Unknown
|
Now at 1B: Luis Costello
|
|
Batting: RHB Jim Unknown
|
0-0: Ball 1-0: Foul Ball, location: 2F 1-1: Foul Ball, location: 2F 1-2: Ball 2-2: Foul Ball, location: 2F 2-2: Foul Ball, location: 2F 2-2: Strikes out swinging
|
Batting: LHB Jim Unknown
|
0-0: Swinging Strike 0-1: Ball 1-1: Ground out 3-1 (Groundball, 34)
|
Batting: LHB Jim Unknown
|
0-0: Ball 1-0: Ball 2-0: Ball 3-0: Base on Balls
|
Batting: RHB Jim Unknown
|
0-0: Called Strike 0-1: Foul Ball, location: 2F 0-2: Strikes out swinging
|
Top of the 9th over - 0 run(s), 0 hit(s), 0 error(s), 1 left on base; Springfield 2 - Mercer Island 7 |
|